 Dungeon Crawl Stone Soup version 0.26.1-11-gd32895ea62 (webtiles) character file.

Game seed: 16897250738686342979

748412 Tirrikindir the Conqueror (level 27, -16/224 HPs)
             Began as an Octopode Fighter on May 27, 2021.
             Was an Initiate of Gozag.
             Demolished by a golden dragon (19 damage)
             ... on level 5 of the Realm of Zot.
             The game lasted 05:16:20 (94367 turns).

Tirrikindir the Conqueror (Octopode Fighter)       Turns: 94367, Time: 05:16:23

Health: -16/224    AC: 10    Str: 24    XL:     27
Magic:  33/35      EV: 33    Int: 24    God:    Gozag
Gold:   5067       SH: 35    Dex: 31    Spells: 36/50 levels left

rFire    + + .     SeeInvis +   a - +18 lance "Wyrmbane" {slay drac, rPois rF+ rC+ AC+3}
rCold    + . .     Faith    .   W - +8 tower shield {reflect}
rNeg     + + +     Spirit   .   J - +2 hat {Int+3}
rPois    +         Reflect  +   K - amulet of Hospitality {Will+ Regen+ Dex+4}
rElec    +         Harm     .   P - ring of Nienel {rElec Dex+4 Slay+4}
rCorr    .         Rampage  .   S - ring "Uczisoargh" {rPois rC+ Str+2 Dex+2}
Will     +++++                  F - +4 ring of slaying
Stlth    ++++++++++             h - ring "Ehob" {Str+6 Dex+3}
HPRegen  0.87/turn              R - ring "Zappub" {Int+6 Dex+3}
MPRegen  0.24/turn              j - ring of Duicheny {Will+ AC+4 Str+2}
                                E - ring of the Destroying Pariah {Fire rPois rN+++ Str-4 Stlth+}
                                L - ring of Activism {rPois Will++ Str-2 SInv}

@: about to teleport, marked, slowed, very slow
A: almost no armour, stealthy swim, amphibious, 8 rings, constrict 8, camouflage
1, low mp 1, gelatinous body 1, MP-powered wands
}: 3/15 runes: serpentine, barnacled, silver
a: Renounce Religion, Potion Petition, Call Merchant, Bribe Branch


You were on level 5 of the Realm of Zot.
You worshipped Gozag.
Gozag was greatly pleased with you.
You visited 14 branches of the dungeon, and saw 60 of its levels.
You also visited: Gauntlet and Ice Cave.

You collected 37790 gold pieces.
You spent 20635 gold pieces at shops.
You paid 12088 gold pieces to Gozag.

Inventory:

Hand Weapons
 a - the +18 lance "Wyrmbane" (weapon) {slay drac, rPois rF+ rC+ AC+3}
   (You bought it in a shop on level 9 of the Dungeon)

   It affects your AC (+3).
   It protects you from fire.
   It protects you from cold.
   It protects you from poison.
Missiles
 v - 139 poisoned darts (quivered)
Armour
 J - a +2 hat of intelligence (worn)
 W - a +8 tower shield of reflection (worn)
Jewellery
 h - the ring "Ehob" (on tentacle) {Str+6 Dex+3}
   (You found it on level 1 of the Vaults)

   [ring of strength]

   It affects your strength (+6).
   It affects your dexterity (+3).
 j - the ring of Duicheny (on tentacle) {Will+ AC+4 Str+2}
   (You bought it in a shop on level 9 of the Dungeon)

   [ring of protection]

   It affects your AC (+4).
   It affects your strength (+2).
   It affects your willpower, your defense against some magical effects.
 C - the amulet of Wussum {Spirit rF+ Str+5}
   (You bought it in a shop on level 9 of the Dungeon)

   [amulet of guardian spirit]

   It causes incoming damage to be split between your health and magic.
   It affects your strength (+5).
   It protects you from fire.
 E - the ring of the Destroying Pariah (on tentacle) {Fire rPois rN+++ Str-4 Stlth+}
   (You bought it in a shop on level 9 of the Dungeon)

   [ring of fire]

   It enhances your fire magic.
   It affects your strength (-4).
   It protects you from fire.
   It makes you vulnerable to cold.
   It protects you from poison.
   It renders you almost immune to negative energy.
   It makes you more stealthy.
 F - a +4 ring of slaying (on tentacle)
 K - the amulet of Hospitality (around mantle) {Will+ Regen+ Dex+4}
   (You bought it in a shop on level 9 of the Dungeon)

   [amulet of regeneration]

   It affects your dexterity (+4).
   It affects your willpower, your defense against some magical effects.
   It increases your rate of regeneration.
 L - the ring of Activism (on tentacle) {rPois Will++ Str-2 SInv}
   (You found it in a Gauntlet)

   [ring of see invisible]

   It affects your strength (-2).
   It protects you from poison.
   It affects your willpower, your defense against some magical effects.
   It lets you see invisible.
 P - the ring of Nienel (left tentacle) {rElec Dex+4 Slay+4}
   (You took it off an ironheart preserver on level 5 of the Vaults)

   [ring of slaying]

   It affects your dexterity (+4).
   It affects your accuracy and damage with ranged weapons and melee attacks
   (+4).
   It insulates you from electricity.
 R - the ring "Zappub" (on tentacle) {Int+6 Dex+3}
   (You found it in a Gauntlet)

   [ring of intelligence]

   It affects your intelligence (+6).
   It affects your dexterity (+3).
 S - the ring "Uczisoargh" (right tentacle) {rPois rC+ Str+2 Dex+2}
   (You bought it in a shop on level 9 of the Dungeon)

   [ring of protection from cold]

   It affects your strength (+2).
   It affects your dexterity (+2).
   It protects you from cold.
   It protects you from poison.
Wands
 m - a wand of iceblast (98)
 r - a wand of digging (13)
 t - a wand of enslavement (6)
 w - a wand of acid (18)
 y - a wand of polymorph (7)
 B - a wand of disintegration (66)
 D - a wand of flame (72)
 N - a wand of paralysis (36)
Scrolls
 f - 31 scrolls of remove curse
 g - 4 scrolls of fear
 i - 9 scrolls of immolation
 k - 7 scrolls of blinking
 o - 24 scrolls of identify
 q - 13 scrolls of fog
 x - 10 scrolls of magic mapping
 A - 27 scrolls of teleportation
 M - 3 scrolls of summoning
 T - 3 scrolls of silence
 V - 6 scrolls of holy word
Potions
 c - 12 potions of might
 d - 6 potions of brilliance
 e - 6 potions of heal wounds
 l - 15 potions of haste
 n - 12 potions of flight
 p - 5 potions of resistance
 s - 35 potions of curing
 u - 5 potions of invisibility
 z - 7 potions of cancellation
 H - 6 potions of ambrosia
 I - 3 potions of berserk rage
 Z - 8 potions of magic
Miscellaneous
 b - the horn of Geryon
 G - a lightning rod (4/4)
 Y - a condenser vane


   Skills:
 O Level 27 Fighting
 + Level 21.5 Polearms
 + Level 17.3 Dodging
 - Level 20.0 Stealth
 - Level 25.0 Shields
 - Level 12.0 Spellcasting
 - Level 19.0 Translocations
 + Level 18.5 Evocations


You had 36 spell levels left.
You knew the following spells:

 Your Spells              Type           Power        Failure   Level
a - Gell's Gravitas       Tloc           40%          0%          3
b - Passage of Golubria   Tloc           N/A          1%          4
c - Blink                 Tloc           N/A          0%          2
d - Iskenderun's Mystic   Conj/Tloc      56%          1%          4
e - Apportation           Tloc           100%         0%          1

Your spell library contained the following spells:

 Spells                   Type           Power        Failure   Level
 Portal Projectile        Hex/Tloc       100%         1%          3
 Summon Forest            Summ/Tloc      28%          2%          5
 Animate Skeleton         Necr           28%          4%          1
 Beastly Appendage        Tmut           28%          4%          1
 Corona                   Hex            15%          4%          1
 Foxfire                  Conj/Fire      84%          4%          1
 Magic Dart               Conj           56%          4%          1
 Pain                     Necr           56%          4%          1
 Sandblast                Erth           28%          4%          1
 Shock                    Conj/Air       56%          4%          1
 Sting                    Tmut/Pois      56%          4%          1
 Summon Small Mammal      Summ           56%          4%          1
 Call Imp                 Summ           14%          6%          2
 Corpse Rot               Necr/Air       N/A          6%          2
 Ensorcelled Hibernation  Hex/Ice        28%          6%          2
 Passwall                 Tmut/Erth      11%          6%          2
 Poisonous Vapours        Pois/Air       28%          6%          2
 Searing Ray              Conj           28%          6%          2
 Slow                     Hex            14%          6%          2
 Sublimation of Blood     Necr           7%           6%          2
 Swiftness                Air            14%          6%          2
 Wereblood                Tmut           14%          6%          2
 Call Canine Familiar     Summ           14%          13%         3
 Confusing Touch          Hex            14%          13%         3
 Conjure Flame            Conj/Fire      21%          13%         3
 Dazzling Flash           Conj/Hex       28%          13%         3
 Ignite Poison            Fire/Tmut/Pois 21%          13%         3
 Inner Flame              Hex/Fire       21%          13%         3
 Mephitic Cloud           Conj/Pois/Air  14%          13%         3
 Spider Form              Tmut/Pois      7%           13%         3
 Static Discharge         Conj/Air       14%          13%         3
 Stone Arrow              Conj/Erth      28%          13%         3
 Summon Guardian Golem    Hex/Summ       14%          13%         3
 Tukima's Dance           Hex            14%          13%         3
 Vampiric Draining        Necr           7%           13%         3
 Airstrike                Air            7%           38%         4
 Animate Dead             Necr           7%           38%         4
 Cause Fear               Hex            7%           38%         4
 Dispel Undead            Necr           14%          38%         4
 Fulminant Prism          Conj/Hex       7%           38%         4
 Ice Form                 Ice/Tmut       14%          38%         4
 Leda's Liquefaction      Hex/Erth       7%           38%         4
 Olgreb's Toxic Radiance  Pois           14%          38%         4
 Petrify                  Tmut/Erth      14%          38%         4
 Sticky Flame             Conj/Fire      21%          38%         4
 Summon Ice Beast         Ice/Summ       14%          38%         4
 Summon Lightning Spire   Summ/Air       14%          38%         4
 Agony                    Necr           14%          75%         5
 Blade Hands              Tmut           7%           75%         5
 Bolt of Magma            Conj/Fire/Erth 10%          75%         5
 Excruciating Wounds      Necr           7%           75%         5
 Fireball                 Conj/Fire      10%          75%         5
 Lee's Rapid Deconstruct  Erth           7%           75%         5
 Lightning Bolt           Conj/Air       7%           75%         5
 Metabolic Englaciation   Hex/Ice        7%           75%         5
 Silence                  Hex/Air        7%           75%         5
 Yara's Violent Unravell  Hex/Tmut       7%           75%         5
 Eringya's Noxious Bog    Tmut/Pois      7%           100%        6
 Freezing Cloud           Conj/Ice/Air   7%           100%        6
 Hydra Form               Tmut           7%           100%        6
 Invisibility             Hex            14%          100%        6
 Iron Shot                Conj/Erth      7%           100%        6
 Ozocubu's Refrigeration  Ice            7%           100%        6
 Simulacrum               Ice/Necr       7%           100%        6
 Statue Form              Tmut/Erth      9%           100%        6
 Haunt                    Necr/Summ      7%           100%        7
 Summon Hydra             Summ           7%           100%        7
 Borgnjor's Revivificati  Necr           7%           100%        8
 Discord                  Hex            7%           100%        8
 Infestation              Necr           7%           100%        8
 Necromutation            Tmut/Necr      7%           100%        8
 Death's Door             Necr           7%           100%        9
 Shatter                  Erth           7%           100%        9


Dungeon Overview and Level Annotations

Branches:
Dungeon (15/15)            Temple (1/1) D:7            Lair (6/6) D:9
 Shoals (4/4) Lair:3        Snake (4/4) Lair:3        Slime (0/5) Lair:5
    Orc (2/2) D:10            Elf (2/3) Orc:2        Vaults (5/5) D:13
  Crypt (3/3) Vaults:3       Tomb (0/3) Crypt:3      Depths (5/5) D:15
   Hell (visited)             Dis (0/7) Hell            Geh (1/7) Hell
    Coc (0/7) Hell            Tar (6/7) Hell            Zot (5/5) Depths:5
  IceCv (visited)         Gauntlet (visited)

Altars:
Ashenzari
Cheibriados
Dithmenos
Elyvilon
Fedhas
Gozag
Hepliaklqana
Kikubaaqudgha
Makhleb
Nemelex Xobeh
Okawaru
Qazlal
Ru
Sif Muna
Trog
Uskayaw
Vehumet
Wu Jian
Xom
Yredelemnul
Zin
The Shining One
Beogh
Jiyva
Lugonu

Shops:
D:9 *==:=(**=(=   D:10 !}([   Orc:2 *[*   Elf:1 ?   Snake:3 **![   Vaults:2 **
Vaults:4 (   Vaults:5 (   Depths:1 ?:!?   Depths:2 *   Depths:5 (*??

Portals:
Hell: Depths:1 Depths:2 Depths:3 Depths:4 Depths:5
Abyss: Depths:2 Depths:3 Depths:4
Pandemonium: Orc:2 Depths:3
Ziggurat: Depths:4


Innate Abilities, Weirdness & Mutations

You cannot wear most types of armour.
You are very stealthy in the water. (Stealth+)
You are amphibious.
You can wear up to eight rings at the same time.
You can use your tentacles to constrict eight enemies at once.
Your skin changes colour to match your surroundings (Stealth+).
Your rubbery body absorbs attacks. (AC +1, EV +1)
Your magical capacity is low. (-10% MP)
You expend magic power (3 MP) to strengthen your wands.


Message History

The golden dragon completely misses you.
The golden dragon misses you. You block the Orb Guardian's attack.
The golden dragon disappears!
The Orb Guardian hits you but does no damage.
The death cob closely misses you.
The death cob disappears!
The Orb Guardian hits you!!
* * * LOW HITPOINT WARNING * * *
Casting: Blink (safe; 0% risk of failure)
Confirm with . or Enter, or press ? or * to list all spells.
You blink.
The Orb Guardian is no longer more vulnerable to fire.
The electric golem blinks!
You block the Orb Guardian's attack. x2
The Orb Guardian hits you!!
* * * LOW HITPOINT WARNING * * *
The Orb Guardian hits you!!
* * * LOW HITPOINT WARNING * * *
The golden dragon closely misses you. The golden dragon barely misses you.
The golden dragon tramples you!!
You die...
Your body crumbles into a pile of gold.

**,,,,,,^...............*
***,,,,,..............▓*
****,,.............▓*
#▓▓▓▓▓▓▓▓▓▓▓##...z^▓▓
###..^^.(.....*.......#*
##....##................#*
########...###.[..§^p...........*
..........###...XX§.$......^....,
.........## #.8.@XLz.p..........,
.........# #....D..............,
........## #...................,
..^.....# #..................,^
........## #..............,,,,,,
.........# ##.^..........,,,,,,*
.........## ##..^.^......,,,,,**
..........# ##.........,,,,,**
##)########▓▓▓▓############***#▓▓


You could see an orb of fire, 2 Killer Klowns, an electric golem, a golden
dragon, an ancient lich, a death cob and 3 Orb Guardians.

Vanquished Creatures
  An ancient lich (Crypt:3)
  Khufu (Crypt:3)
  2 juggernauts
  A royal mummy (Crypt:3)
  Saint Roka (Vaults:1)
  A curse toe (Zot:5)
  3 Killer Klowns
  The ghost of Lukheov the Peltast, a veteran DrWn of Okawaru (Vaults:1)
  Geryon (Hell)
  7 golden dragons
  Jory (Vaults:2)
  Nikola (Shoals:4)
  9 bone dragons
  33 Tzitzimimeh
  12 doom hounds
  4 Brimstone Fiends (Geh:1)
  2 electric golems (Zot:2)
  14 liches
  13 tentacled monstrosities
  7 Orb Guardians (Zot:5)
  5 titans
  A shard shrike skeleton (Crypt:1)
  6 quicksilver dragons
  Polyphemus (Shoals:3)
  A deep elf blademaster (Elf:2)
  Gastronok (Lair:1)
  2 ancient champions
  7 death cobs
  4 krakens
  The ghost of Wiciz the Bludgeoner, an adept GrBe of Trog (Snake:3)
  2 sphinxes
  19 storm dragons
  11 tengu reavers
  Donald (Elf:1)
  18 shadow dragons
  Roxanne (Shoals:1)
  7 draconian monks
  A revenant (Hell)
  12 nagarajas
  11 fire giants
  An orc warlord (Vaults:3)
  2 draconian scorchers (Zot:2)
  3 deep elf sorcerers
  A draconian knight (Zot:4)
  2 balrugs
  17 vault wardens
  Aizul (Snake:2)
  18 frost giants
  3 draconian shifters
  2 iron dragons
  3 ghost moths
  2 curse skulls
  6 draconian annihilators
  2 spriggan defenders
  A deep elf elementalist (Depths:4)
  7 ghouls
  10 ironheart preservers
  A caustic shrike skeleton (Crypt:1)
  20 stone giants
  An angel (Depths:4)
  5 war gargoyles
  29 very ugly things
  22 reapers
  8 vampire knights
  4 deep elf demonologists
  7 green draconians
  2 entropy weavers
  10 purple draconians
  12 black draconians
  9 red draconians
  7 white draconians
  A deep elf annihilator (Vaults:4)
  Snorg (D:11)
  9 yellow draconians
  9 spark wasps
  A minotaur (Gauntlet)
  13 ettins
  4 eidola
  3 crystal guardians (Crypt:3)
  7 merfolk javelineers
  6 deep elf death magi
  8 fire dragons
  Josephine (D:12)
  15 yaktaur captains
  3 deep elf high priests
  7 merfolk impalers
  13 jiangshi
  4 quicksilver dragon zombies
  28 naga warriors
  A quicksilver dragon skeleton (Crypt:1)
  The ghost of nomophobia the Cleaver, a journeyman DsBe of Trog (D:12)
  11 great orbs of eyes
  7 hydras
  6 rakshasas
  10 boulder beetles
  9 ice dragons
  53 vault guards
  3 ghost crabs
  8 centaur warriors
  8 anacondas
  31 two-headed ogres
  4 spriggan air magi
  2 alligator snapping turtles
  An anaconda (shapeshifter) (Vaults:5)
  8 death knights
  A two-headed ogre (shapeshifter) (Depths:2)
  4 satyrs
  5 merfolk avatars
  2 catoblepae (Shoals:3)
  7 ogre magi
  6 tengu warriors
  7 deep troll shamans
  5 death yaks
  12 hell hogs
  6 orc high priests (Orc:2)
  4 merfolk aquamancers
  4 shock serpents
  5 spriggan berserkers
  10 vampire magi
  14 naga sharpshooters
  7 deep troll earth magi
  12 soul eaters
  A titan zombie (Tar:5)
  13 deep elf knights
  35 hell knights
  A titan skeleton (Tar:2)
  3 iron trolls
  6 sun demons
  Sonja (D:12)
  An iron golem (Hell)
  A storm dragon zombie (Geh:1)
  3 salamander mystics
  110 skeletal warriors
  2 death drakes (Depths:5)
  A storm dragon skeleton (Geh:1)
  9 anaconda zombies
  6 shadow wraiths
  15 sea snakes
  An infernal demonspawn (Orc:2)
  16 shadow demons
  2 glowing orange brains
  26 deep trolls
  3 golden dragon zombies
  4 unseen horrors
  2 bog bodies
  A torturous demonspawn (Orc:2)
  14 flayed ghosts
  9 naga ritualists
  An obsidian statue (D:14)
  22 harpies
  A gelid demonspawn (Orc:2)
  4 shadow dragon zombies
  30 phantasmal warriors
  2 golden dragon skeletons
  2 tengu zombies
  4 anaconda skeletons
  37 necromancers
  A death drake (shapeshifter) (Depths:4)
  19 ironbrand convokers
  5 lindwurms
  10 deep elf archers
  63 deep elf magi
  21 orc knights
  4 wizards
  16 salamanders
  10 mana vipers
  2 orb spiders (shapeshifter)
  An oklob plant (Shoals:1)
  2 wolf spider zombies
  4 iron dragon zombies
  39 ugly things
  4 wolf spiders
  11 fauns
  4 stone giant zombies
  A fire giant zombie (Crypt:2)
  11 orc sorcerers
  22 manticores
  4 shadow dragon skeletons
  7 frost giant zombies
  2 iron dragon skeletons
  A dire elephant zombie (Tar:6)
  8 cyclopes
  10 guardian serpents
  43 black mambas
  4 water nymphs
  4 rust devils
  An elephant (shapeshifter) (Depths:2)
  5 elephants (Lair:4)
  21 vault sentinels
  10 merfolk sirens
  An eye of devastation (shapeshifter) (Vaults:5)
  3 human skeletons
  A fire giant skeleton (Crypt:3)
  7 frost giant skeletons
  25 moths of wrath
  3 ice statues
  A stone giant skeleton (Hell)
  6 torpor snails
  17 cane toads
  16 naga magi
  3 molten gargoyles
  A cane toad (shapeshifter) (Depths:4)
  A smoke demon (Hell)
  A gargoyle (D:12)
  5 orange demons (Hell)
  6 kobold demonologists
  A dire elephant skeleton (Crypt:3)
  3 centaur skeletons
  A shock serpent skeleton (Tar:2)
  Maggie (D:10)
  7 komodo dragons
  16 hellions
  28 freezing wraiths
  4 efreet
  4 emperor scorpion zombies
  43 yaktaurs
  12 ice devils
  6 rime drakes
  16 tormentors
  A hellwing (Orc:2)
  An alligator snapping turtle skeleton (Crypt:2)
  2 demonic crawlers (Hell)
  3 silent spectres
  11 red devils
  A queen bee (shapeshifter) (Vaults:2)
  A jumping spider (shapeshifter) (Vaults:2)
  9 trolls
  4 hydra zombies
  2 meliai
  21 merfolk
  2 polar bears (shapeshifter)
  2 meliai (shapeshifter)
  2 tengu conjurers
  A wolf spider simulacrum (D:15)
  7 tyrant leeches
  A merfolk (shapeshifter) (Vaults:5)
  A polar bear (Lair:6)
  9 wind drakes
  A queen bee (Lair:5)
  4 ettin zombies
  14 blink frogs
  23 slime creatures
  17 hornets
  A meliai zombie (D:13)
  19 dream sheep
  A harpy skeleton (Tar:6)
  2 boulder beetle zombies
  An iron dragon simulacrum (Tar:2)
  3 ice dragon zombies
  3 fire dragon zombies
  13 snapping turtles
  3 hydra skeletons
  2 alligator zombies
  A stone giant simulacrum (Crypt:2)
  A snapping turtle (shapeshifter) (Vaults:5)
  An air elemental (Elf:2)
  4 ice dragon skeletons
  A black mamba zombie (Tar:1)
  80 flying skulls
  2 ettin skeletons
  17 water elementals
  Sigmund (D:6)
  6 spriggans
  33 wraiths
  2 fire dragon skeletons
  A centaur simulacrum (D:15)
  A vampire (D:13)
  7 redbacks
  29 shadows
  A large abomination (Elf:1)
  2 alligator skeletons
  21 wyverns
  2 humans (Vaults:1)
  7 basilisks
  45 yaks
  A ynoxinul (Orc:2)
  18 fire elementals
  8 fire bats
  A chaos spawn (Orc:2)
  A black mamba skeleton (Tar:5)
  A steam dragon (Lair:5)
  7 vampire mosquitoes
  7 wargs
  Menkaure (D:6)
  63 nagas
  2 yaktaur simulacra (Vaults:2)
  An emperor scorpion simulacrum (Tar:1)
  An acid dragon (Vaults:2)
  A water nymph zombie (Crypt:1)
  A monstrous demonspawn zombie (Hell)
  A soldier ant (D:15)
  A soldier ant (shapeshifter) (D:12)
  A hydra simulacrum (Hell)
  30 water moccasins
  31 hell hounds
  A merfolk skeleton (Tar:5)
  A floating eye (Depths:3)
  2 hornet zombies
  4 swamp drakes (Depths:5)
  2 cane toad skeletons (Tar:2)
  A manticore zombie (Tar:6)
  An alligator simulacrum (Hell)
  4 black bears
  An eye of draining (D:9)
  40 orc warriors
  17 ice beasts
  2 black bears (shapeshifter)
  12 phantoms
  5 snapping turtle zombies
  3 sky beasts
  An ogre (shapeshifter) (Vaults:3)
  23 ogres
  5 swamp dragon zombies
  9 wolves
  3 ettin simulacra (Depths:3)
  An ice dragon simulacrum (Tar:4)
  48 necrophages
  A boggart (Depths:4)
  23 centaurs
  A swamp dragon skeleton (Tar:1)
  5 elf skeletons
  3 manticore skeletons
  A centaur (shapeshifter) (Elf:2)
  5 snapping turtle skeletons
  3 big kobolds
  A human zombie (Vaults:3)
  4 elf zombies
  24 bullfrogs
  2 wyvern zombies
  A cane toad simulacrum (Hell)
  A deep troll simulacrum (Vaults:5)
  A water moccasin skeleton (D:8)
  A scorpion (D:10)
  2 troll zombies
  30 killer bees
  4 human simulacra
  52 wights
  A raiju zombie (Crypt:2)
  5 electric eels
  A howler monkey (D:4)
  5 centaur zombies
  4 crimson imps
  2 quasits
  A bullfrog zombie (D:6)
  26 orc priests
  4 jellies
  10 orc wizards
  2 hounds
  3 bullfrog skeletons
  An iron imp (Hell)
  Jessica (D:3)
  3 iguanas
  11 hell rats
  7 worker ants
  A killer bee zombie (Crypt:1)
  A dwarf zombie (Crypt:2)
  A felid zombie (Crypt:2)
  A naga skeleton (Tar:4)
  2 mummies (Crypt:3)
  2 worker ant zombies
  A howler monkey skeleton (D:5)
  A river rat (Lair:5)
  13 adders
  A steam dragon skeleton (Crypt:1)
  18 shadow imps
  21 white imps
  An ooze (D:2)
  An ufetubus (D:7)
  3 adder zombies
  A worm (D:4)
  2 dart slugs
  5 leopard geckos
  94 orcs
  A ball python (Snake:2)
  3 giant cockroaches
  8 goblins
  5 hobgoblins
  13 jackals
  4 quokkas
  A ball python skeleton (Crypt:1)
  9 bats
  5 frilled lizards
  22 kobolds
  2 leopard gecko skeletons
  An orc zombie (Geh:1)
  A quokka zombie (D:8)
  5 rats
  2 plants
  2 tentacles
3173 creatures vanquished.

Vanquished Creatures (collateral kills)
  A reaper (Tar:4)
1 creature vanquished.

Vanquished Creatures (others)
  A fire dragon (Depths:1)
  25 dancing weapons
  2 hell hogs (Geh:1)
  A hornet (Depths:4)
  2 swamp drakes (Depths:5)
  A necrophage (Crypt:3)
  An ogre (Vaults:5)
  A wight (Tar:1)
  A bush (D:15)
  A demonic plant (D:14)
  59 fungi
  160 plants
  19 tentacles
  A withered plant (Shoals:3)
275 creatures vanquished.

Grand Total: 3449 creatures vanquished

Notes
Turn   | Place    | Note
-------+----------+-------------------------------------------
     0 | D:1      | Tirrikindir the Octopode Fighter began the quest for the
                  | Orb.
     0 | D:1      | Reached XP level 1. HP: 16/16 MP: 1/1
   129 | D:1      | Reached XP level 2. HP: 21/21 MP: 2/2
   157 | D:1      | Reached skill level 1 in Stealth
   360 | D:1      | Reached XP level 3. HP: 21/26 MP: 3/3
   933 | D:2      | Reached XP level 4. HP: 13/31 MP: 4/4
   993 | D:2      | Found a snail-covered altar of Cheibriados.
  1325 | D:3      | Noticed Jessica
  1330 | D:3      | Killed Jessica
  1331 | D:3      | Reached XP level 5. HP: 36/36 MP: 5/5
  1366 | D:3      | Found a stormy altar of Qazlal.
  1613 | D:3      | Found a hide-covered altar of Uskayaw.
  1992 | D:4      | Found a broken altar of Ashenzari.
  2163 | D:4      | Reached XP level 6. HP: 43/43 MP: 6/6
  2451 | D:5      | Entered Level 5 of the Dungeon
  2528 | D:5      | Noticed a phantom
  2551 | D:5      | Killed a phantom
  2552 | D:5      | Reached skill level 1 in Evocations
  2558 | D:5      | Found a sacrificial altar of Ru.
  2619 | D:5      | Reached skill level 4 in Fighting
  2628 | D:5      | Reached XP level 7. HP: 19/48 MP: 7/7
  2811 | D:5      | Found a blossoming altar of Fedhas.
  2849 | D:5      | Reached skill level 5 in Polearms
  2926 | D:5      | Gained mutation: You tend to lose your temper in combat.
                  | [potion of mutation]
  2926 | D:5      | Gained mutation: You are partially covered in rugged brown
                  | scales. (AC +1, +3% HP) [potion of mutation]
  3005 | D:5      | Reached XP level 8. HP: 47/55 MP: 8/8
  3261 | D:5      | Found a shimmering blue altar of Sif Muna.
  3455 | D:6      | Found an iron altar of Okawaru.
  3456 | D:6      | Noticed Sigmund
  3502 | D:6      | Noticed Menkaure
  3526 | D:6      | Killed Sigmund
  3527 | D:6      | Killed Menkaure
  3683 | D:6      | Found a blossoming altar of Fedhas.
  3731 | D:6      | Found a broken altar of Ashenzari.
  3989 | D:6      | Found a shimmering altar of Xom.
  3991 | D:6      | Found a burning altar of Makhleb.
  3991 | D:6      | Found a shadowy altar of Dithmenos.
  3993 | D:6      | Found a snail-covered altar of Cheibriados.
  3993 | D:6      | Found an ancient bone altar of Kikubaaqudgha.
  3993 | D:6      | Found a stormy altar of Qazlal.
  4231 | D:7      | Found a staircase to the Ecumenical Temple.
  4237 | Temple   | Entered the Ecumenical Temple
  4574 | D:7      | Found an opulent altar of Gozag.
  4583 | D:7      | Became a worshipper of Gozag Ym Sagoz the Greedy
  4610 | D:7      | Reached XP level 9. HP: 59/59 MP: 9/9
  5426 | D:8      | Reached skill level 5 in Dodging
  5426 | D:8      | Reached skill level 5 in Shields
  5435 | D:8      | Reached skill level 5 in Stealth
  6049 | D:9      | Found Jazoem's Island Escapes.
  6064 | D:9      | Reached skill level 5 in Fighting
  6148 | D:9      | Reached XP level 10. HP: 46/67 MP: 10/10
  6220 | D:9      | Found a staircase to the Lair.
  6343 | D:9      | Noticed a boulder beetle
  6469 | D:9      | Killed a boulder beetle
  6882 | D:9      | Found a hazy altar of Hepliaklqana.
  7474 | D:9      | Bought a twisted trident for 280 gold pieces
  7475 | D:9      | Identified the cursed +1 trident of Circularity {vorpal,
                  | rPois} (You bought it in a shop on level 9 of the Dungeon)
  7522 | D:10     | Entered Level 10 of the Dungeon
  7522 | D:10     | Found Loetiene's Distillery.
  7612 | D:10     | Reached skill level 10 in Polearms
  7687 | D:10     | Found Ditoaj's Antique Weapon Shoppe.
  7731 | D:10     | Found a staircase to the Orcish Mines.
  7781 | D:10     | Noticed Maggie
  7788 | D:10     | Killed Maggie
  7789 | D:10     | Reached skill level 5 in Evocations
  7822 | D:10     | Found Liaxtotups's Armour Emporium.
  8238 | D:10     | Found an ornate altar of the Wu Jian Council.
  8319 | D:10     | You fall into a shaft and drop 3 floors!
  8366 | D:13     | Reached XP level 11. HP: 66/74 MP: 11/11
  8405 | D:13     | Reached skill level 6 in Fighting
  8495 | D:13     | Killed an unseen horror
  8788 | D:12     | Killed an unseen horror
  8922 | D:12     | Noticed nomophobia's ghost (journeyman DsBe)
  8925 | D:12     | Noticed a two-headed ogre
  8926 | D:12     | Found a transporter.
  8926 | D:12     | Noticed a two-headed ogre
  8930 | D:12     | Identified the +12 great mace of Victory {flame, *Slow
                  | +Rage rC+}
  8930 | D:12     | Noticed an ettin
  8930 | D:12     | Noticed a two-headed ogre
  9087 | D:11     | Noticed Snorg
  9090 | D:11     | Noticed a seven-headed hydra
  9099 | D:11     | Killed Snorg
  9103 | D:11     | Killed a seven-headed hydra
  9315 | D:10     | Found Lereumy's Gadget Emporium.
  9411 | D:9      | Bought a bloodstained trident for 280 gold pieces
  9412 | D:9      | Identified the +6 trident "Fudiokk" {vorpal, +Inv Dex+3}
                  | (You bought it in a shop on level 9 of the Dungeon)
  9472 | D:10     | Bought a faintly glowing trident for 272 gold pieces
  9472 | D:10     | Identified the cursed +3 trident of Vymo {freeze, rC+} (You
                  | bought it in a shop on level 10 of the Dungeon)
 10008 | D:12     | Found a transporter.
 10098 | D:12     | Noticed a death knight
 10110 | D:12     | Killed a death knight
 10122 | D:12     | Noticed Sonja
 10348 | D:12     | Reached XP level 12. HP: 82/82 MP: 12/12
 10390 | D:12     | Noticed Josephine
 10399 | D:12     | Killed Josephine
 10604 | D:12     | Killed Sonja
 10605 | D:12     | Reached skill level 7 in Fighting
 10677 | Lair:1   | Entered Level 1 of the Lair of Beasts
 10677 | Lair:1   | Noticed Gastronok
 10687 | Lair:1   | Killed Gastronok
 10938 | Lair:1   | Noticed a seven-headed hydra
 10944 | Lair:1   | Killed a seven-headed hydra
 10974 | Lair:1   | Identified a scroll of acquirement
 10975 | Lair:1   | Acquired a manual of Stealth
 11287 | Lair:1   | Noticed a six-headed hydra
 11294 | Lair:1   | Killed a six-headed hydra
 11295 | Lair:1   | Reached skill level 10 in Stealth
 11961 | Lair:2   | Reached skill level 10 in Dodging
 12194 | Lair:2   | Reached skill level 10 in Shields
 12194 | Lair:2   | Reached XP level 13. HP: 89/89 MP: 13/13
 12625 | Lair:3   | Found a staircase to the Shoals.
 12865 | Lair:3   | Found a staircase to the Snake Pit.
 13123 | D:9      | Bought a +4 ring of protection for 504 gold pieces
 13965 | Lair:4   | Found a gate leading to a gauntlet.
 13980 | Gauntlet | Entered a Gauntlet
 13980 | Gauntlet | Found a transporter.
 13980 | Gauntlet | Found a transporter.
 13987 | Gauntlet | Found a transporter.
 14000 | Gauntlet | Found a transporter.
 14008 | Gauntlet | Found a transporter.
 14015 | Gauntlet | Found a transporter.
 14022 | Gauntlet | Found a transporter.
 14023 | Gauntlet | Found a transporter.
 14039 | Gauntlet | Found a transporter.
 14039 | Gauntlet | Found a transporter.
 14056 | Gauntlet | Found a transporter.
 14132 | Gauntlet | Found a transporter.
 14225 | Gauntlet | Reached skill level 8 in Fighting
 14226 | Gauntlet | Paralysed by a wizard for 3 turns
 14301 | Gauntlet | Got a translucent marble ring
 14307 | Gauntlet | Identified the ring of Activism {rPois Will++ Str-2 SInv}
                  | (You found it in a Gauntlet)
 14320 | Gauntlet | Identified the ring "Lave" {*Tele rElec rN++ Dex-5}
 14320 | Gauntlet | Noticed a minotaur
 14324 | Gauntlet | Killed a minotaur
 14332 | Gauntlet | Got a heavily runed gossamer ring
 14335 | Gauntlet | Identified the ring "Zappub" {Int+6 Dex+3} (You found it in
                  | a Gauntlet)
 15399 | Lair:5   | Reached XP level 14. HP: 97/97 MP: 14/14
 15601 | Lair:5   | Found a viscous altar of Jiyva.
 15601 | Lair:5   | Found a staircase to the Slime Pits.
 15757 | Lair:5   | Found a hide-covered altar of Uskayaw.
 15763 | Lair:5   | Found an ornate altar of the Wu Jian Council.
 16520 | D:9      | Bought the amulet of Wussum {Spirit rF+ Str+5} for 763 gold
                  | pieces
 16530 | D:9      | Bought the ring of Wyeworys {rF+ MP+9} for 712 gold pieces
 17123 | D:13     | Found a gate to the Vaults.
 17131 | D:13     | Reached skill level 9 in Fighting
 18128 | D:14     | Found a corrupted altar of Lugonu.
 18196 | D:14     | Reached XP level 15. HP: 84/106 MP: 13/15
 18557 | D:14     | Reached skill level 15 in Stealth
 18566 | D:14     | Reached skill level 10 in Fighting
 18903 | D:15     | Entered Level 15 of the Dungeon
 19203 | D:15     | Reached skill level 15 in Polearms
 19713 | D:15     | Found a staircase to the Depths.
 20227 | Lair:6   | Entered Level 6 of the Lair of Beasts
 20781 | Lair:6   | Found a runed translucent door.
 21153 | Lair:6   | Reached skill level 11 in Fighting
 21153 | Lair:6   | Reached XP level 16. HP: 94/115 MP: 16/16
 22054 | D:9      | Bought the +8 lance "Wyrmbane" {slay drac, rPois rF+ rC+
                  | AC+3} for 888 gold pieces
 22054 | D:9      | Found the +8 lance "Wyrmbane" {slay drac, rPois rF+ rC+
                  | AC+3}
 22146 | Orc:1    | Entered Level 1 of the Orcish Mines
 22146 | Orc:1    | Found a roughly hewn altar of Beogh.
 22759 | Orc:2    | Entered Level 2 of the Orcish Mines
 22878 | Orc:2    | Found a frozen archway.
 23026 | IceCv    | Entered an ice cave
 23793 | Orc:2    | Found a staircase to the Elven Halls.
 23909 | Orc:2    | Found Kowk's General Store.
 23927 | Orc:2    | Found Qigyrghin's General Store.
 24451 | Orc:2    | Found Sunoenuc's Antique Armour Emporium.
 24451 | Orc:2    | Found Keser's Gadget Shoppe.
 24453 | Orc:2    | Found a one-way gate leading to the halls of Pandemonium.
 24461 | Orc:2    | Reached skill level 12 in Fighting
 24712 | Orc:2    | Bought a scroll of fear for 42 gold pieces
 24802 | D:9      | Bought a potion of invisibility for 112 gold pieces
 24802 | D:9      | Bought a potion of invisibility for 112 gold pieces
 24802 | D:9      | Bought a potion of haste for 140 gold pieces
 24802 | D:9      | Bought a scroll of teleportation for 42 gold pieces
 24811 | D:10     | Bought a potion of curing for 36 gold pieces
 24811 | D:10     | Bought a potion of curing for 36 gold pieces
 24811 | D:10     | Bought a potion of curing for 36 gold pieces
 24811 | D:10     | Bought a potion of curing for 36 gold pieces
 24842 | D:10     | Bought a wand of disintegration (18) for 264 gold pieces
 24842 | D:10     | Bought a wand of iceblast (10) for 168 gold pieces
 24842 | D:10     | Bought a wand of paralysis (7) for 108 gold pieces
 24994 | Snake:1  | Entered Level 1 of the Snake Pit
 25334 | Snake:1  | Reached skill level 10 in Evocations
 25624 | Snake:1  | Reached XP level 17. HP: 124/124 MP: 17/17
 26422 | Snake:2  | Noticed Aizul
 26439 | Snake:2  | Killed Aizul
 27311 | D:9      | Bought a scroll of teleportation for 36 gold pieces
 27311 | D:9      | Bought a potion of heal wounds for 60 gold pieces
 27311 | D:9      | Bought a scroll of teleportation for 36 gold pieces
 27472 | Snake:3  | Reached skill level 13 in Fighting
 27828 | Snake:3  | Found Kyppaqyi's Distillery.
 27828 | Snake:3  | Found Daur Zuru's Assorted Antiques.
 27829 | Snake:3  | Found Fiubraj's Assorted Antiques.
 27832 | Snake:3  | Found Ciwuasay's Armour Shoppe.
 27987 | Snake:3  | Found a runed translucent gate.
 28586 | Snake:3  | Found a runed translucent gate.
 28586 | Snake:3  | Noticed Wiciz's ghost (adept GrBe)
 28588 | Snake:3  | Found a runed translucent gate.
 28619 | Snake:3  | Killed Wiciz's ghost
 28840 | D:9      | Bought the ring "Uczisoargh" {rPois rC+ Str+2 Dex+2} for
                  | 579 gold pieces
 28969 | D:12     | Killed nomophobia's ghost
 29130 | Shoals:1 | Entered Level 1 of the Shoals
 29429 | Shoals:1 | Noticed Roxanne
 29538 | Shoals:1 | Killed Roxanne
 29594 | Shoals:1 | Reached XP level 18. HP: 133/133 MP: 18/18
 30844 | Shoals:2 | Reached skill level 14 in Fighting
 31546 | Shoals:3 | Noticed Polyphemus
 31570 | Shoals:3 | HP: 2/134 [merfolk/boomerang (13)]
 31859 | Shoals:3 | Killed Polyphemus
 33825 | Snake:4  | Entered Level 4 of the Snake Pit
 34743 | Snake:4  | Lost mutation: You are partially covered in rugged brown
                  | scales. (AC +1, +3% HP) [potion of mutation]
 34743 | Snake:4  | Lost mutation: You tend to lose your temper in combat.
                  | [potion of mutation]
 34743 | Snake:4  | Gained mutation: Your magical capacity is low. (-10% MP)
                  | [potion of mutation]
 34743 | Snake:4  | Gained mutation: You expend magic power (3 MP) to
                  | strengthen your wands. [potion of mutation]
 35435 | Snake:4  | Reached skill level 15 in Fighting
 35435 | Snake:4  | Reached XP level 19. HP: 42/139 MP: 10/17
 37163 | Snake:4  | Got a serpentine rune of Zot
 37707 | Snake:4  | Reached skill level 15 in Shields
 38647 | D:9      | Bought a manual of Translocations for 2208 gold pieces
 38651 | D:9      | Learned a level 3 spell: Gell's Gravitas
 38750 | Shoals:4 | Entered Level 4 of the Shoals
 38815 | Shoals:4 | Reached skill level 1 in Translocations
 39513 | Shoals:4 | Reached skill level 1 in Spellcasting
 40702 | Shoals:4 | Reached XP level 20. HP: 147/147 MP: 20/20
 40726 | Shoals:4 | Noticed Nikola
 40738 | Shoals:4 | Killed Nikola
 40890 | Shoals:4 | Reached skill level 16 in Fighting
 40910 | Shoals:4 | Reached skill level 5 in Translocations
 41837 | Shoals:4 | Got a barnacled rune of Zot
 42332 | Vaults:1 | Entered Level 1 of the Vaults
 42832 | Vaults:1 | Reached skill level 15 in Dodging
 43560 | Vaults:1 | Noticed Saint Roka
 43582 | Vaults:1 | Killed Saint Roka
 43836 | Vaults:1 | Found a runed translucent gate.
 43836 | Vaults:1 | Found a runed translucent gate.
 43836 | Vaults:1 | Found a runed translucent gate.
 43838 | Vaults:1 | Noticed Lukheov's ghost (veteran DrWn)
 44317 | D:9      | Bought a book of Burglary for 1500 gold pieces
 44323 | D:9      | Learned a level 4 spell: Passage of Golubria
 44594 | Vaults:2 | Noticed Jory
 44647 | Vaults:2 | Killed Jory
 45047 | Vaults:2 | Found Inaos's General Store.
 45240 | Vaults:2 | Reached XP level 21. HP: 154/154 MP: 24/24
 45945 | Vaults:2 | Found Meumophi's Assorted Antiques.
 45953 | Vaults:2 | Bought a potion of heal wounds for 160 gold pieces
 45953 | Vaults:2 | Bought a shiny diamond ring for 160 gold pieces
 46265 | Vaults:3 | Reached skill level 10 in Translocations
 46598 | Vaults:3 | You fall into a shaft and drop 1 floor!
 46615 | Vaults:4 | Reached skill level 17 in Fighting
 46867 | Vaults:4 | Reached skill level 5 in Spellcasting
 47566 | Vaults:3 | Reached XP level 22. HP: 76/163 MP: 27/27
 47620 | Vaults:3 | Found a staircase to the Crypt.
 48089 | Vaults:3 | Reached skill level 18 in Fighting
 49812 | Vaults:2 | Bought a scroll of teleportation for 33 gold pieces
 49812 | Vaults:2 | Bought a potion of mutation for 88 gold pieces
 49985 | Orc:2    | Bought a potion of mutation for 96 gold pieces
 49985 | Orc:2    | Bought a scroll of immolation for 42 gold pieces
 49987 | Orc:2    | Bought a potion of mutation for 112 gold pieces
 50232 | Snake:3  | Bought a potion of heal wounds for 90 gold pieces
 50232 | Snake:3  | Bought a potion of curing for 54 gold pieces
 50232 | Snake:3  | Bought a potion of haste for 180 gold pieces
 50232 | Snake:3  | Bought a potion of heal wounds for 90 gold pieces
 50232 | Snake:3  | Bought a potion of might for 72 gold pieces
 50232 | Snake:3  | Bought a potion of haste for 180 gold pieces
 50232 | Snake:3  | Bought a potion of mutation for 144 gold pieces
 50236 | Snake:3  | Bought a scroll of blinking for 292 gold pieces
 50236 | Snake:3  | Bought a scroll of teleportation for 117 gold pieces
 50236 | Snake:3  | Bought 2 scrolls of fog for 156 gold pieces
 50236 | Snake:3  | Bought a potion of magic for 312 gold pieces
 50371 | D:10     | Bought a potion of magic for 96 gold pieces
 50371 | D:10     | Bought a potion of mutation for 96 gold pieces
 50529 | Elf:1    | Entered Level 1 of the Elven Halls
 50645 | Elf:1    | Found a shimmering altar of Xom.
 50671 | Elf:1    | Found Hielakh's Magic Scroll Emporium.
 50687 | Elf:1    | Bought a scroll of blinking for 97 gold pieces
 50687 | Elf:1    | Bought a scroll of teleportation for 39 gold pieces
 50687 | Elf:1    | Bought a scroll of teleportation for 39 gold pieces
 50812 | Elf:1    | Noticed Donald
 50822 | Elf:1    | Killed Donald
 51110 | Elf:1    | Identified the Catalogue of Black Arts
 51563 | Elf:2    | Reached skill level 19 in Fighting
 51924 | Elf:2    | Found a runed translucent gate.
 51924 | Elf:2    | Found a runed translucent gate.
 51924 | Elf:2    | Found a runed translucent gate.
 52344 | Elf:2    | Reached XP level 23. HP: 173/174 MP: 31/31
 53071 | D:9      | Bought the ring of the Destroying Pariah {Fire rPois rN+++
                  | Str-4 Stlth+} for 774 gold pieces
 54061 | Vaults:4 | Found Zotonoel's Antique Weapon Shop.
 54212 | Crypt:1  | Entered Level 1 of the Crypt
 56540 | Crypt:3  | Entered Level 3 of the Crypt
 56811 | Crypt:3  | Found the +5 scythe "Finisher" {speed, eviscerate}
 57074 | Crypt:3  | Reached skill level 20 in Fighting
 57092 | Crypt:3  | Found a staircase to the Tomb.
 57385 | Crypt:3  | Found an ancient bone altar of Kikubaaqudgha.
 57385 | Crypt:3  | Noticed an ancient lich
 57394 | Crypt:3  | Killed an ancient lich
 57395 | Crypt:3  | Reached XP level 24. HP: 174/183 MP: 30/32
 57473 | Crypt:3  | Noticed Khufu
 57473 | Crypt:3  | Noticed a royal mummy
 57489 | Crypt:3  | Killed Khufu
 57497 | Crypt:3  | Killed a royal mummy
 57947 | Crypt:3  | Got a scorched copper ring
 57947 | Crypt:3  | Got a faintly glowing granite ring
 57947 | Crypt:3  | Got a bound pewter ring
 57949 | Crypt:3  | Identified the ring of Ugrist {rN+ Will- Dex+5} (You found
                  | it on level 3 of the Crypt)
 57950 | Crypt:3  | Identified the ring "Varemymn" {+Inv rElec rPois rN+ Will-}
                  | (You found it on level 3 of the Crypt)
 57951 | Crypt:3  | Identified the ring of Onagircho {rF+ rN+ Str-2 SInv} (You
                  | found it on level 3 of the Crypt)
 58867 | Vaults:1 | Killed Lukheov's ghost
 59056 | Vaults:1 | Got a scintillating steel ring
 59057 | Vaults:1 | Identified the ring "Ehob" {Str+6 Dex+3} (You found it on
                  | level 1 of the Vaults)
 59691 | Depths:1 | Entered Level 1 of the Depths
 59691 | Depths:1 | Found Adustry's Book Shop.
 59700 | Depths:1 | Found Abonued's Magic Scroll Shop.
 60580 | Depths:1 | Found Woenawoq's Distillery.
 60648 | Depths:1 | Noticed a juggernaut
 60673 | Depths:1 | Killed a juggernaut
 61376 | Depths:1 | Found Ulaim's Magic Scroll Boutique.
 61384 | Depths:1 | Bought a scroll of acquirement for 1144 gold pieces
 61384 | Depths:1 | Bought a scroll of holy word for 165 gold pieces
 61384 | Depths:1 | Bought a scroll of fear for 77 gold pieces
 61384 | Depths:1 | Bought a scroll of teleportation for 66 gold pieces
 61384 | Depths:1 | Acquired a manual of Translocations
 61621 | Depths:1 | Reached skill level 10 in Spellcasting
 61917 | Depths:1 | Learned a level 2 spell: Blink
 62374 | Depths:1 | Found a gateway to Hell.
 62848 | Depths:2 | Found Muuwkyno's Changing Room.
 63078 | Depths:2 | Found a one-way gate to the infinite horrors of the Abyss.
 63220 | Depths:2 | Reached XP level 25. HP: 146/191 MP: 25/33
 63708 | Depths:2 | Reached skill level 21 in Fighting
 63943 | Depths:2 | You fall into a shaft and drop 2 floors!
 64859 | Depths:2 | Noticed a juggernaut
 64880 | Depths:2 | Killed a juggernaut
 65771 | Depths:3 | Reached skill level 15 in Evocations
 67031 | Depths:4 | Reached XP level 26. HP: 194/200 MP: 34/34
 67160 | Depths:4 | Reached skill level 15 in Translocations
 68352 | Depths:4 | Found a gateway to a ziggurat.
 68525 | Depths:5 | Entered Level 5 of the Depths
 68546 | Depths:5 | Found Ylacuc's Magic Scroll Shoppe.
 68552 | Depths:5 | Bought a scroll of enchant armour for 165 gold pieces
 68552 | Depths:5 | Bought a scroll of teleportation for 66 gold pieces
 68552 | Depths:5 | Bought a scroll of fear for 77 gold pieces
 68552 | Depths:5 | Bought a scroll of blinking for 165 gold pieces
 68552 | Depths:5 | Bought a scroll of teleportation for 66 gold pieces
 68567 | Depths:5 | Found Foolig's Magic Scroll Shop.
 68572 | Depths:5 | Bought 2 scrolls of enchant armour for 255 gold pieces
 68572 | Depths:5 | Bought a scroll of enchant armour for 127 gold pieces
 68572 | Depths:5 | Bought a scroll of enchant armour for 127 gold pieces
 68572 | Depths:5 | Bought a scroll of teleportation for 51 gold pieces
 68891 | Depths:5 | Reached skill level 22 in Fighting
 69126 | Depths:5 | Found Xageytue's Antique Weapon Emporium.
 69188 | Depths:5 | Found Adex's General Store.
 70014 | Depths:5 | Found a gate to the Realm of Zot.
 70693 | Depths:5 | Bought 3 scrolls of holy word for 495 gold pieces
 70764 | Depths:5 | Bought a potion of resistance for 240 gold pieces
 70868 | Depths:1 | Bought a potion of cancellation for 168 gold pieces
 70868 | Depths:1 | Bought a potion of haste for 210 gold pieces
 70868 | Depths:1 | Bought a potion of might for 84 gold pieces
 70868 | Depths:1 | Bought a potion of curing for 63 gold pieces
 70868 | Depths:1 | Bought a potion of curing for 63 gold pieces
 70868 | Depths:1 | Bought a potion of heal wounds for 105 gold pieces
 70868 | Depths:1 | Bought a potion of curing for 63 gold pieces
 71210 | Snake:3  | Bought a potion of haste for 380 gold pieces
 71210 | Snake:3  | Bought a scroll of silence for 285 gold pieces
 71210 | Snake:3  | Bought 2 potions of might for 304 gold pieces
 71932 | Vaults:5 | Entered Level 5 of the Vaults
 71950 | Vaults:5 | Reached XP level 27. HP: 127/208 MP: 9/35
 72226 | Vaults:5 | Found Enui's Weapon Shop.
 73039 | Vaults:5 | Reached skill level 23 in Fighting
 73325 | Vaults:5 | Got a smoking graven amulet
 73326 | Vaults:5 | Identified the amulet "Wysmei" {Inacc rN+} (You found it on
                  | level 5 of the Vaults)
 73433 | Vaults:5 | Identified the +11 arbalest of Uncomfortable Rashes {flame,
                  | Will+ Str+7 Dex-5}
 73433 | Vaults:5 | Identified the cursed +1 long sword "Voomibbu" {elec,
                  | *Corrode Will+ Str+6 SInv}
 73823 | Vaults:5 | Identified the ring of Nienel {rElec Dex+4 Slay+4}
 73943 | Vaults:5 | Got a silver rune of Zot
 73952 | Vaults:5 | Identified the +5 trident of Tortfeasance {drain, rC+} (You
                  | found it on level 5 of the Vaults)
 75000 | Hell     | Entered the Vestibule of Hell
 75000 | Hell     | Noticed Geryon
 75049 | Hell     | Killed Geryon
 75730 | Hell     | Found a gateway to the freezing wastes of Cocytus.
 75906 | Hell     | Found a gateway to the decaying netherworld of Tartarus.
 76102 | Hell     | Learned a level 4 spell: Iskenderun's Mystic Blast
 76140 | Hell     | Found a gateway to the ashen valley of Gehenna.
 76274 | Hell     | Found a gateway to the Iron City of Dis.
 76343 | Tar:1    | Entered Level 1 of Tartarus
 76886 | Tar:1    | Reached skill level 24 in Fighting
 77479 | D:9      | Bought the ring of Duicheny {Will+ AC+4 Str+2} for 1372
                  | gold pieces
 77522 | D:9      | Learned a level 1 spell: Apportation
 77767 | Geh:1    | Entered Level 1 of Gehenna
 79179 | D:9      | Bought the amulet of Hospitality {Will+ Regen+ Dex+4} for
                  | 1173 gold pieces
 79465 | Zot:1    | Entered Level 1 of the Realm of Zot
 81421 | Zot:2    | Reached skill level 25 in Fighting
 85203 | Tar:2    | Reached skill level 26 in Fighting
 88521 | Tar:4    | Reached skill level 27 in Fighting
 93397 | D:9      | Bought a scroll of enchant armour for 172 gold pieces
 93397 | D:9      | Bought a scroll of teleportation for 69 gold pieces
 93397 | D:9      | Bought a scroll of teleportation for 69 gold pieces
 93762 | Zot:5    | Entered Level 5 of the Realm of Zot
 94336 | Zot:5    | Noticed an ancient lich
 94347 | Zot:5    | Noticed an ancient lich
 94366 | Zot:5    | Noticed an orb of fire
 94367 | Zot:5    | HP: 3/224 [Orb Guardian (19)]
 94367 | Zot:5    | Demolished by a golden dragon

Illustrated notes

Levels and vault maps discovered:
D:1:      mrwooster_arrival_arrow, layout_rooms
D:2:      layout_rooms, cheibriados_altar_1
D:3:      layout_rooms, overflow_temple_1_default,
          eat_drink_and_be_merry_uskayaw, nrook_campfire,
          chequers_serial_rivers_micro_a, uniq_jessica
D:4:      layout_cave_pods, lemuel_crystal_altar
D:5:      layout_loops_ring, led_sif_pool, basic_altar, nicolae_ru_path_of_blood
D:6:      layout_basic, doesnt_xom_only_xom, okawaru_ov_weapons_minmay,
          fedhas_altar_3, ashenzari_altar_1, uniq_menkaure, uniq_sigmund
D:7:      layout_layer_cave, nicolae_gozag_seed_capital,
          minmay_temple_entry_tees
D:8:      layout_cave_pools
D:9:      layout_stronghold, nzn_hepliaklqana_mist_gate, david_lair_generic,
          serial_column_ruins, column_ruins_columns_corner, column_ruins_grid_3,
          column_ruins_open_tiny, column_ruins_columns_straight,
          column_ruins_columns_straight, column_ruins_grid_3,
          nicolae_island_escapes
D:10:     layout_loops_ring, david_orc_2, serial_shops, shop,
          nicolae_shop_statue_plus, shop_statue, nicolae_shop_waterfront,
          basic_altar, uniq_maggie
D:11:     layout_gridville, uniq_snorg
D:12:     layout_irregular_city, gammafunk_ghost_smash, uniq_josephine,
          uniq_sonja
D:13:     layout_stronghold, erik_vaults_2
D:14:     kennysheep_kobold_lugonu_temple, layout_basic, david_greed
D:15:     grunt_enter_depths_magical_seal, layout_cave_pools, serial_park_gazebo
          [serial_park_minivault_5x5_7], st_stairs_13
Temple:   hc_temple_tempest_star
Lair:1:   layout_cave_pods, fungi_pond_lemuel, minivault_23,
          infiniplex_staircase_pool_2, uniq_gastronok
Lair:2:   layout_cave_pods, chequers_serial_rivers_room_b, serial_bayou_ford_a
Lair:3:   layout_layer_cave, minmay_shoals_entry_hut,
          guppyfry_snake_entry_island
Lair:4:   layout_hall_layers, gauntlet_entry_generic,
          hangedman_lair_unloving_vines, chequers_serial_rivers_micro_d,
          infiniplex_staircase_pool
Lair:5:   regret_index_tunnel_blossom, layout_cave_shapes, slime_altar_1,
          nzn_masters_of_martial_movement
Lair:6:   hangedman_lair_tendril_chambers, layout_hall_layers, wormcave,
          minivault_25
Shoals:1: layout_shoals, dpeg_stationary_puzzle, uniq_roxanne
Shoals:2: cheibrodos_shoals_satyrical_garden, layout_shoals
Shoals:3: layout_shoals, argonaut_gorgonesque, uniq_polyphemus
Shoals:4: shoals_end_hangedman, layout_shoals, uniq_nikola
Snake:1:  layout_misc_corridors
Snake:2:  layout_chambers, nicolae_snake_springs, serial_bayou_shore_a,
          uniq_aizul
Snake:3:  layout_rooms, ebering_ghost_rock_garden, minmay_snake_pond,
          minmay_shoptagon
Snake:4:  grunt_snake_rune_spirals, layout_onion
Orc:1:    layout_caves, basic_altar
Orc:2:    pf_orc_diabolical, layout_caves, portal_ice_cave_entry_imps
Elf:1:    minmay_elf_arrival_summoners, layout_loops_cross, serial_shops, shop,
          basic_altar, minmay_elf_necromancy, uniq_donald
Elf:2:    layout_geoelf_grid
Vaults:1: gammafunk_vaults_ghost_spectres, hangedman_vaults_locks, v_misc_4,
          hangedman_vaults_stagger, nicolae_vaults_shelves_hall,
          v_alt_pattern_5, nicolae_vaults_holding_cells, v_misc_8,
          ontoclasm_vaults_fault, v_misc_3, layout_vaults_maze, uniq_saint_roka
Vaults:2: ontoclasm_vaults_tryst, vaults_dpeg_diagonal, hangedman_vaults_nails,
          vaults_mumra_hexcomb, grunt_vaults_diagonal, layout_vaults_omnigrid,
          serial_shops, nicolae_shop_temple_entry_statues_fountains,
          nicolae_shop_crystal, uniq_jory
Vaults:3: nicolae_vaults_big_ls, nicolae_vaults_hallways_thing,
          minmay_crypt_entry_simple_round, nicolae_vaults_yaktaur_gun_rack,
          st_greater_box_2, nicolae_vaults_triangles, v_misc_12,
          nicolae_vaults_mini_display_case, layout_vaults_omnicross
Vaults:4: v_misc_28, hangedman_vaults_hat, v_misc_23,
          nicolae_vaults_border_crossing, vaults_dpeg_hooks,
          vaults_room_corners, layout_vaults_omnibox, serial_shops, shop
Vaults:5
Crypt:1:  layout_basic, grunt_crypt_arrival_split,
          roderic_lattice_octagonal_star
Crypt:2:  layout_rooms
Crypt:3:  cryptofortress_bobbens, uniq_khufu
Depths:1: hangedman_cross_cluster, layout_gridlike, grunt_hell_entry_dis_grunt,
          kennysheep_cluttered_room, serial_shops, shop, shop, shop,
          nicolae_shop_statue_plus, hangedman_stitches_earthworm
Depths:2: minmay_tearing_corner, layout_honeycomb, hangedman_abyss_entry_splay,
          minmay_misc_feat_four_crosses, hell_entry, hex_large,
          nicolae_transmutations_shop, roderic_lattice_a,
          hangedman_decor_growths
Depths:3: hangedman_elemental_death_ray, layout_cave_shapes, hell_entry,
          pan_entry, abyss_entry_small_statue_room, serial_sigils,
          serial_sigils_hangedman_snap, serial_sigils_hangedman_scratch,
          serial_sigils_hangedman_gut, serial_sigils_hangedman_confine,
          serial_sigils_hangedman_stare
Depths:4: evilmike_lava_path, layout_gridlike, enter_ziggurat_f, serial_curves,
          eino_curves_02, eino_curves_01, corexii_corridor_pit,
          pf_hell_entry_tar_spiral, abyss_entry
Depths:5: lemuel_castle_with_subvaults [lemuel_castle_interior_carwin_2],
          layout_basic, grunt_metal_band, serial_bayou_pond_d, serial_shops,
          shop, shop, shop, shop
Hell
Geh:1:    layout_gehenna_lava_caves
Tar:1:    layout_honeycomb
Tar:2:    layout_honeycomb
Tar:3:    layout_grid_maze, nicolae_tar_cuneiform_not, nicolae_tar_cuneiform_sun
Tar:4:    layout_cathedral_of_symmetry, grunt_megastairs_5
Tar:5:    layout_cathedral_of_symmetry
Tar:6:    layout_grid_maze
Zot:1:    layout_gridlike
Zot:2:    grunt_twist_and_shout, layout_onion_interference
Zot:3:    kennysheep_blocky_room, layout_gridlike
Zot:4:    layout_twisted_circle, grunt_ministairs_6, lemuel_lake_of_fire
Zot:5:    layout_onion

Skill      XL: |  1  2  3  4  5  6  7  8  9 10 11 12 13 14 15 16 17 18 19 20 21 22 23 24 25 26 27 |
---------------+----------------------------------------------------------------------------------+-----
Stealth        | 1 2 3 4 6 7 8 10 12 14 16 17 18 19 20 | 20.0
Polearms       | 3 4 6 8 9 10 11 12 14 15 16 17 18 19 21 | 21.5
Evocations     | 2 4 5 6 7 8 10 11 12 13 14 15 18 | 18.5
Fighting       | 4 5 6 7 8 9 11 12 13 15 16 17 19 20 21 22 27 | 27.0
Shields        | 4 6 7 8 10 11 12 13 14 15 16 17 18 19 20 25 | 25.0
Dodging        | 4 6 7 8 10 11 12 13 14 15 17 | 17.3
Translocations | 4 9 12 13 14 16 19 | 19.0
Spellcasting   | 1 3 5 8 9 10 11 12 | 12.0

Action                   |  1- 3 |  4- 6 |  7- 9 | 10-12 | 13-15 | 16-18 | 19-21 | 22-24 | 25-27 || total
-------------------------+-------+-------+-------+-------+-------+-------+-------+-------+-------++-------
Melee: Trident           |    55 |    86 |   181 |   342 |   749 |    62 |       |       |       ||  1475
       Tentacles         |     8 |    14 |    45 |    91 |   287 |   502 |   540 |   587 |  1567 ||  3641
       Constrict         |    15 |    22 |    44 |    58 |   123 |   225 |   172 |   204 |   584 ||  1447
       Lance             |       |       |       |       |       |  1236 |  1296 |  1369 |  3753 ||  7654
Throw: Dart              |       |       |       |       |    21 |    35 |    20 |     9 |    40 ||   125
 Cast: Gell's Gravitas   |       |       |       |       |       |       |    30 |     7 |    12 ||    49
       Passage of Golubr |       |       |       |       |       |       |     3 |       |       ||     3
       Blink             |       |       |       |       |       |       |       |     1 |    10 ||    11
Invok: Call Merchant     |       |       |       |     1 |     2 |     3 |       |     1 |     3 ||    10
Evoke: Wand              |       |       |       |    13 |     1 |     1 |    27 |     5 |    14 ||    61
       Condenser vane    |       |       |       |       |       |       |       |     4 |     4 ||     8
       Lightning rod     |       |       |       |       |       |       |       |     4 |     5 ||     9
       Horn of Geryon    |       |       |       |       |       |       |       |       |     1 ||     1
  Use: Scroll            |     5 |     4 |     8 |    16 |     8 |     9 |     5 |    10 |    18 ||    83
       Potion            |       |       |     1 |     4 |     1 |     6 |     3 |     4 |     3 ||    22
 Stab: Sleeping          |     6 |     6 |    15 |    22 |    30 |    42 |    46 |    74 |   131 ||   372
       Distracted        |       |       |     3 |     3 |    18 |    15 |    28 |    26 |    77 ||   170
       Invisible         |       |       |       |     2 |       |       |       |       |       ||     2
       Petrified         |       |       |       |       |       |     3 |       |       |       ||     3
       Petrifying        |       |       |       |       |       |     2 |       |       |       ||     2
Armor: Skin              |     4 |     1 |    12 |     7 |    29 |    64 |    50 |    51 |   101 ||   319
Dodge: Dodged            |    30 |    24 |    62 |   108 |   231 |   510 |   422 |   425 |   882 ||  2694
Block: Kite shield       |    27 |    33 |    71 |   137 |   347 |   658 |   561 |   563 |       ||  2397
       Tower shield      |       |       |       |       |       |       |       |    15 |  2720 ||  2735
       Reflection        |       |       |       |       |       |       |       |       |    62 ||    62
